 Dungeon Crawl Stone Soup version 0.26.1-2-gb8aa6d0cf2 (webtiles) character file.

Game seed: 14530196036257394827

758 Amaterasu the Chiller (level 7, -6/46 HPs)
             Began as an Octopode Ice Elementalist on Feb 27, 2021.
             Was a Follower of Ashenzari.
             Mangled by a gnoll
             ... wielding a +0 halberd
              (16 damage)
             ... on level 4 of the Dungeon.
             The game lasted 00:11:22 (4349 turns).

Amaterasu the Chiller (Octopode Ice Elementalist)   Turns: 4349, Time: 00:11:23

Health: -6/46      AC:  8    Str: 13    XL:     7   Next: 80%
Magic:  0/13       EV: 14    Int: 20    God:    Ashenzari [*.....]
Gold:   277        SH:  0    Dex: 12    Spells: 4/15 levels left

rFire    . . .     SeeInvis .     - Unarmed
rCold    . . .     Faith    .   (no shield)
rNeg     . . .     Spirit   +   (helmet restricted)
rPois    .         Reflect  .   c - amulet of guardian spirit
rElec    .         Harm     .   f - +4 ring of slaying (curse)
rCorr    .         Rampage  .   k - ring of wizardry
Will     .....                  j - +6 ring of strength (curse)
Stlth    +++.......             (no ring)
HPRegen  0.15/turn              (no ring)
MPRegen  0.13/turn              (no ring)
                                (no ring)
                                (no ring)

@: icy armour
A: almost no armour, stealthy swim, amphibious, 8 rings, constrict 8, camouflage
1, gelatinous body 1
a: Renounce Religion, Curse Item, Scrying


You were on level 4 of the Dungeon.
You worshipped Ashenzari.
Ashenzari was aware of your devotion.
You visited 1 branch of the dungeon, and saw 4 of its levels.

You collected 277 gold pieces.

Inventory:

Jewellery
 c - an amulet of guardian spirit (around mantle)
 f - a cursed +4 ring of slaying (left tentacle)
 j - a cursed +6 ring of strength (on tentacle)
 k - a ring of wizardry (right tentacle)
Scrolls
 a - 2 scrolls of remove curse
 b - 4 scrolls of teleportation
 d - a scroll of identify
 m - 2 scrolls of enchant armour
 p - a scroll of enchant weapon {unknown}
Potions
 e - a potion of mutation
 g - a potion of might
 h - a potion of degeneration {unknown}
 i - 2 potions of heal wounds {unknown}
 l - a potion of curing {unknown}
 n - a potion of experience {unknown}
 o - a potion of haste {unknown}


   Skills:
 * Level 3.0 Fighting
 * Level 3.5 Dodging
 - Level 2.6 Stealth
 * Level 1.9 Unarmed Combat
 * Level 4.6 Spellcasting
 * Level 1.1 Summonings
 * Level 6.0 Ice Magic


You had 4 spell levels left.
You knew the following spells:

 Your Spells              Type           Power        Failure   Level
a - Freeze                Ice            100%         1%          1
b - Frozen Ramparts       Ice            56%          1%          3
c - Ozocubu's Armour      Ice            28%          1%          3
d - Summon Ice Beast      Ice/Summ       19%          11%         4

Your spell library contained the following spells:

 Spells                   Type           Power        Failure   Level
 Hailstorm                Conj/Ice       16%          14%         4


Dungeon Overview and Level Annotations

Branches:
Dungeon (4/15)
 Temple: D:4-7

Altars:
Ashenzari
Makhleb

Shops:
D:4 (

Annotations:
D:3 3 runed translucent doors, JazCRAWL's ghost, amateur NaFi


Innate Abilities, Weirdness & Mutations

You cannot wear most types of armour.
You are very stealthy in the water. (Stealth+)
You are amphibious.
You can wear up to eight rings at the same time.
You can use your tentacles to constrict eight enemies at once.
Your skin changes colour to match your surroundings (Stealth+).
Your rubbery body absorbs attacks. (AC +1, EV +1)


Message History

The frozen ramparts melt away.
You constrict the gnoll shaman.
The gnoll hits you from afar with a +0 halberd!
The gnoll shaman hits you with a +0 club.
Casting: Ozocubu's Armour (safe; 1% risk of failure)
Confirm with . or Enter, or press ? or * to list all spells.
You don't have enough magic to cast that spell.
Okay, then.
Your icy armour will break if you move.
Continue?
Okay, then.
You tentacle-slap the gnoll shaman but do no damage.
You tentacle-slap the gnoll shaman, but do no damage.
The gnoll shaman is severely wounded.
You constrict the gnoll shaman. The gnoll barely misses you.
The gnoll shaman barely misses you.
The gnoll hits you from afar with a +0 halberd!
* * * LOW HITPOINT WARNING * * *
You tentacle-slap the gnoll shaman.
You kill the gnoll shaman!
The gnoll hits you from afar with a +0 halberd!
You die...

#......# #.........
#......#####.........'.
#................$...#.
######.#####.....##########.
#!.........+.....#..........
#.....#....#.....#.......#..
#.....'....#g....+<.........
#.....######)....#.......+.#
#......(...@#+####.........+
#...........#...##.........#
#...........#..............)
#...........#............##.
######......#............###
#......#...##.......##.
#......'...##.......##.
#......#...##..........
########...##.......##.


You could see a gnoll (fast).

Vanquished Creatures
  An orc warrior (D:2)
  3 ogres (D:4)
  A phantom (D:4)
  A scorpion (D:4)
  A gnoll shaman (D:4)
  A hound (D:4)
  Jessica (D:3)
  An iguana (D:4)
  Terence (D:2)
  A worker ant (D:2)
  3 gnolls (D:4)
  3 adders
  An adder zombie (D:4)
  A worm (D:4)
  2 dart slugs
  4 leopard geckos
  2 orcs (D:2)
  5 bats
  2 giant cockroaches (D:3)
  12 hobgoblins
  3 quokkas (D:3)
  A ball python (D:3)
  13 frilled lizards
  4 goblins
  5 kobolds
  4 rats
77 creatures vanquished.

Notes
Turn   | Place    | Note
-------+----------+-------------------------------------------
     0 | D:1      | Amaterasu the Octopode Ice Elementalist began the quest for
                  | the Orb.
     0 | D:1      | Reached XP level 1. HP: 11/11 MP: 3/3
   367 | D:1      | Reached XP level 2. HP: 18/18 MP: 5/5
   883 | D:1      | Reached XP level 3. HP: 15/22 MP: 4/6
   887 | D:1      | Learned a level 3 spell: Frozen Ramparts
  1466 | D:2      | Noticed Terence
  1466 | D:2      | Noticed an orc warrior
  1663 | D:2      | Reached skill level 1 in Fighting
  1663 | D:2      | Reached XP level 4. HP: 22/28 MP: 1/7
  1676 | D:2      | Learned a level 3 spell: Ozocubu's Armour
  1870 | D:2      | Killed an orc warrior
  1871 | D:2      | Reached skill level 5 in Ice Magic
  1871 | D:2      | Reached XP level 5. HP: 25/34 MP: 1/9
  2073 | D:2      | Found a broken altar of Ashenzari.
  2087 | D:2      | Became a worshipper of Ashenzari the Shackled
  2424 | D:2      | Killed Terence
  2616 | D:3      | Found a runed translucent gate.
  2617 | D:3      | Found a runed translucent gate.
  2619 | D:3      | Found a runed translucent gate.
  2657 | D:3      | Noticed JazCRAWL's ghost (amateur NaFi)
  3228 | D:3      | Noticed Jessica
  3236 | D:3      | Killed Jessica
  3237 | D:3      | Reached XP level 6. HP: 41/41 MP: 6/11
  3662 | D:4      | Learned a level 4 spell: Summon Ice Beast
  3691 | D:4      | Found Qouti's Weapon Emporium.
  3711 | D:4      | Reached XP level 7. HP: 45/45 MP: 9/13
  3762 | D:4      | Reached * piety under Ashenzari
  3818 | D:4      | Reached skill level 1 in Unarmed Combat
  4145 | D:4      | Found a burning altar of Makhleb.
  4157 | D:4      | Reached skill level 1 in Summonings
  4157 | D:4      | Reached skill level 6 in Ice Magic
  4349 | D:4      | Mangled by a gnoll

Illustrated notes

Levels and vault maps discovered:
D:1:      tarquinn_simple_flora_water_d, layout_loops_ring, minmay_lizard_pond
D:2:      layout_loops_corners, evilmike_ruin_ashenzari, uniq_terence
D:3:      layout_loops_cross, gammafunk_ghost_icy, serial_bayou_crossing,
          uniq_jessica
D:4:      layout_gridville, kennysheep_mini_moat, serial_shops,
          nicolae_shop_waterfront

Skill      XL: |  1  2  3  4  5  6  7 |
---------------+----------------------+-----
Fighting       | 1 2 3 |  3.0
Spellcasting   | 3 4 |  4.6
Ice Magic      | 5 6 |  6.0
Dodging        | 3 |  3.5
Unarmed Combat | 1 |  1.9
Summonings     | 1 |  1.1
Stealth        | |  2.6

Action                   |  1- 3 |  4- 6 |  7- 9 || total
-------------------------+-------+-------+-------++-------
Melee: Unarmed           |    51 |    53 |    45 ||   149
       Constrict         |    17 |    18 |     7 ||    42
       Tentacles         |     8 |     8 |     8 ||    24
       Punch             |       |       |     1 ||     1
 Cast: Freeze            |    21 |     5 |     2 ||    28
       Frozen Ramparts   |       |     5 |     3 ||     8
       Ozocubu's Armour  |       |     4 |     4 ||     8
Invok: Curse Item        |       |     2 |       ||     2
  Use: Scroll            |     4 |     5 |       ||     9
       Potion            |       |     2 |       ||     2
 Stab: Sleeping          |     8 |     9 |     1 ||    18
       Distracted        |       |     1 |       ||     1
Armor: Skin              |     5 |     7 |     4 ||    16
Dodge: Dodged            |    32 |    33 |    26 ||    91
